 Dungeon Crawl Stone Soup version 0.30-a0-159-g068b764562 (webtiles) character file.

Game seed: 3382123433428268295

9690 blackman the Eye of the Storm (level 11, -19/82 HPs)
             Began as a Hill Orc Fighter on Sept 27, 2022.
             Was a Priest of Qazlal.
             Shot themself with a cutting wind (21 damage)
             ... on level 10 of the Dungeon.
             The game lasted 00:17:32 (11490 turns).

blackman the Eye of the Storm (Hill Orc Fighter)   Turns: 11490, Time: 00:17:32

Health: -19/82     AC: 13    Str: 24    XL:     11   Next: 50%
Magic:  7/25       EV:  6    Int:  8    God:    Qazlal [***...]
Gold:   189        SH:  8    Dex: 10    Spells: 10/10 levels left

rFire   . . .      SeeInvis .    a - +1 war axe
rCold   . . .      Faith    +    c - +0 buckler
rNeg    . . .      Spirit   .    B - +0 plate armour
rPois   .          Reflect  .    (no helmet)
rElec   .          Harm     .    u - +0 cloak
rCorr   .          Rampage  .    (no gloves)
Will    .....                    h - +0 pair of boots
Stlth   ..........               y - amulet of faith
HPRegen 0.23/turn                (no ring)
MPRegen 0.19/turn                (no ring)

@: invisible
A: no striking features
a: Renounce Religion, Upheaval, Elemental Force


You were on level 10 of the Dungeon.
You worshipped Qazlal.
Qazlal was most pleased with you.
You visited 2 branches of the dungeon, and saw 11 of its levels.

You collected 614 gold pieces.
You spent 425 gold pieces at shops.

Inventory:

Hand Weapons
 a - a +1 war axe (weapon)
Missiles
 g - 22 boomerangs (quivered)
 E - 3 curare-tipped darts
Armour
 b - a +0 scale mail
 c - a +0 buckler (worn)
 h - a +0 pair of boots (worn)
 u - a +0 cloak (worn)
 B - a +0 plate armour (worn)
Jewellery
 p - a ring of fire
 y - an amulet of faith (around neck)
Wands
 l - a wand of flame (23)
 v - a wand of charming (11)
 w - a wand of digging (3)
 D - a wand of light (5)
Scrolls
 e - 2 scrolls of magic mapping
 f - 2 scrolls of vulnerability
 k - 2 scrolls of immolation
 n - 3 scrolls of teleportation
 o - 3 scrolls of enchant armour
 r - 9 scrolls of identify
 A - a scroll of amnesia
Potions
 d - 3 potions of haste {unknown}
 i - 3 potions of brilliance
 j - a potion of invisibility
 m - a potion of cancellation {unknown}
 q - a potion of attraction {unknown}
 t - 3 potions of berserk rage {unknown}
 x - a potion of degeneration {unknown}
 z - 2 potions of might
 C - a potion of lignification {unknown}
 F - a potion of ambrosia {unknown}


   Skills:
 - Level 3.6 Fighting
 - Level 10.0 Axes
 - Level 3.2 Armour
 - Level 3.2 Shields
 * Level 20.1 Invocations


You had 10 spell levels left.
You didn't know any spells.
Your spell library contained the following spells:

 Spells                   Type           Power      Damage    Failure   Level
 Magic Dart               Conj           0%         1d3       100%        1
 Shock                    Conj/Air       0%         1d3       100%        1
 Call Imp                 Summ           0%         N/A       100%        2
 Mephitic Cloud           Conj/Pois/Air  0%         N/A       100%        3
 Portal Projectile        Hex/Tloc       0%         N/A       100%        3
 Tukima's Dance           Hex            0%         N/A       100%        3
 Blade Hands              Tmut           0%         N/A       100%        5


Dungeon Overview and Level Annotations

Branches:
Dungeon (10/15)            Temple (1/1) D:5            Lair (0/5) D:9
    Orc: D:9-12

Altars:
Ashenzari
Gozag
Kikubaaqudgha
Nemelex Xobeh
Qazlal
Sif Muna
Vehumet
Xom
Yredelemnul
The Shining One

Shops:
D:1 [   D:3 !?!=   D:9 (


Message History

You destroy the centaur warrior zombie!
Qazlal accepts your kill.
The centaur warrior skeleton hits you but does no damage.
The centaur warrior skeleton kicks you but does no damage.
You hit the centaur warrior skeleton but do no damage.
The centaur warrior skeleton is almost destroyed.
The centaur warrior skeleton is struck by lightning.
You destroy the centaur warrior skeleton!
Qazlal accepts your kill. The centaur warrior skeleton hits you.
* * * LOW HITPOINT WARNING * * *
The centaur warrior skeleton kicks you but does no damage.
You completely miss the centaur warrior skeleton.
The centaur warrior skeleton is almost destroyed.
You block the centaur warrior skeleton's attack.
The centaur warrior skeleton barely misses you.
The centaur warrior skeleton hits you but does no damage.
The centaur warrior skeleton kicks you but does no damage.
You catch the helpless centaur warrior skeleton completely off-guard!
You slash the centaur warrior skeleton!
The centaur warrior skeleton is almost destroyed.
The centaur warrior skeleton hits you.
* * * LOW HITPOINT WARNING * * *
You block the centaur warrior skeleton's attack.
You catch the helpless centaur warrior skeleton completely off-guard!
You slash the centaur warrior skeleton!
You destroy the centaur warrior skeleton!
Qazlal accepts your kill.
The shadow imp shouts, "Leave, thou goatish shard-borne gudgeon!"
You block the shadow imp's attack.
Your Invocations skill increases to level 20!
Aiming: Upheaval
Press: ? - help, Dir - move target That beam is likely to hit you.
Continue anyway?
A storm cloud blasts the area with cutting wind!
The cutting wind hits the shadow imp!!!
You kill the shadow imp!
Qazlal accepts your kill. The cutting wind hits you!!
You die...

#.)#.........
#............
#.#......#
#..#..†≈.##
#.#.#Z...##
###$........####
#.....§§§.#....
#.....§......####.
#.#...°@°§..#...$...
#........)<)..#.
#........)).###
#...........#
###....#.##.#
#..?..###..# #.....#
..# #.....# #++#
#.....#


You could see a centaur warrior zombie (wandering, unable to see you).

Vanquished Creatures
  2 two-headed ogres
  Pikel (D:6)
  Joseph (D:7)
  3 centaur zombies (D:10)
  2 centaur skeletons (D:10)
  2 hellwings (D:10)
  A troll (D:9)
  A shadow (D:10)
  A wraith (D:9)
  Eustachio (D:5)
  4 yaks (D:9)
  A wyvern (D:5)
  2 steam dragons (D:8)
  Menkaure (D:4)
  A water moccasin (D:8)
  Duvessa (D:6)
  2 orc warriors
  A sky beast (D:6)
  3 ice beasts
  3 ogres
  3 centaurs
  A phantom (D:6)
  2 lemures (D:6)
  4 kobold brigands
  5 bullfrogs
  4 scorpions
  3 wights (D:8)
  Dowan (D:6)
  12 killer bees
  4 howler monkeys (D:9)
  2 orc priests
  Crazy Yiuf (D:3)
  4 hounds
  A jelly (D:8)
  4 iguanas (D:5)
  10 orc wizards
  A statue (D:9)
  Robin (D:3)
  9 adders
  5 shadow imps
  A white imp (D:5)
  4 ufetubi
  3 worms
  3 dart slugs
  34 orcs
  4 endoplasms
  4 giant cockroaches
  14 goblins
  9 hobgoblins
  3 jackals (D:2)
  5 quokkas
  5 ball pythons
  12 bats
  10 frilled lizards
  19 kobolds
  10 rats
  2 bushes (D:2)
253 creatures vanquished.

Vanquished Creatures (others)
  An orc wizard (D:7)
  3 plants (D:2)
  A withered plant (D:10)
5 creatures vanquished.

Grand Total: 258 creatures vanquished

Notes
Turn   | Place    | Note
-------+----------+-------------------------------------------
     0 | D:1      | blackman the Hill Orc Fighter began the quest for the Orb.
     0 | D:1      | Reached XP level 1. HP: 19/19 MP: 1/1
    67 | D:1      | Found Xefe's Antique Armour Emporium.
    79 | D:1      | Reached XP level 2. HP: 26/26 MP: 2/2
   516 | D:1      | Reached XP level 3. HP: 30/31 MP: 3/3
   843 | D:2      | Reached skill level 5 in Axes
  1274 | D:2      | Found a faded altar of an unknown god.
  1282 | D:2      | Got Plato's Compendium of the Birds
  1363 | D:2      | Prayed at the altar of an unknown god.
  1363 | D:2      | Became a worshipper of Qazlal Stormbringer
  1363 | D:2      | Reached * piety under Qazlal
  1424 | D:2      | Reached XP level 4. HP: 31/39 MP: 4/4
  1586 | D:2      | Found a broken altar of Ashenzari.
  2082 | D:3      | Found Lasim's Magic Scroll Emporium.
  2118 | D:3      | You fall into a shaft and drop 3 floors!
  2125 | D:6      | Noticed a sky beast
  2137 | D:6      | Killed a sky beast
  2138 | D:6      | Reached XP level 5. HP: 20/45 MP: 5/5
  2516 | D:6      | Found a basalt altar of Yredelemnul.
  2518 | D:6      | Noticed a profane servitor
  2523 | D:6      | Noticed Duvessa
  2527 | D:6      | Found a glowing golden altar of the Shining One.
  2527 | D:6      | Noticed an ice beast
  2530 | D:6      | Noticed Dowan
  2540 | D:6      | Killed Duvessa
  2541 | D:6      | Reached XP level 6. HP: 20/51 MP: 6/6
  2547 | D:6      | Killed an ice beast
  2553 | D:6      | Reached ** piety under Qazlal
  2553 | D:6      | Killed Dowan
  2554 | D:6      | Reached XP level 7. HP: 6/57 MP: 7/7
  2568 | D:6      | Reached skill level 10 in Axes
  2573 | D:6      | Noticed an angel
  2834 | D:6      | Noticed Pikel
  2843 | D:6      | Killed Pikel
  2844 | D:6      | Reached skill level 6 in Invocations
  2844 | D:6      | Reached XP level 8. HP: 37/64 MP: 7/13
  2849 | D:6      | Reached skill level 7 in Invocations
  2871 | D:6      | Reached skill level 8 in Invocations
  2892 | D:5      | Entered Level 5 of the Dungeon
  3504 | D:5      | Found a staircase to the Ecumenical Temple.
  3635 | D:4      | Reached skill level 9 in Invocations
  3968 | D:3      | Found Asis's Distillery.
  4000 | D:3      | Noticed Robin
  4011 | D:3      | Killed Robin
  4104 | D:3      | Reached *** piety under Qazlal
  4190 | D:3      | Found Dolo Ure's Distillery.
  4249 | D:3      | Found Samyahap's Jewellery Boutique.
  4579 | D:3      | Reached skill level 10 in Invocations
  4628 | D:3      | Found a runed translucent door.
  4629 | D:3      | Noticed Crazy Yiuf
  4730 | D:3      | Killed Crazy Yiuf
  4873 | D:4      | Noticed Menkaure
  4882 | D:4      | Killed Menkaure
  4883 | D:4      | Reached XP level 9. HP: 27/70 MP: 15/17
  5638 | D:5      | Noticed Eustachio
  5646 | D:5      | Reached skill level 11 in Invocations
  5657 | D:5      | Killed Eustachio
  5658 | D:5      | Reached skill level 12 in Invocations
  6019 | D:5      | Identified the +6 quarterstaff "Goblinslayer" {venom, rPois
                  | rF+ Dex+3}
  6791 | D:6      | Reached skill level 13 in Invocations
  7102 | D:6      | Found a shimmering blue altar of Sif Muna.
  7456 | D:7      | Found a shimmering altar of Xom.
  7470 | D:7      | Noticed Joseph
  7473 | D:7      | Killed Joseph
  7474 | D:7      | Reached skill level 14 in Invocations
  7768 | D:3      | Bought an amulet of faith for 400 gold pieces
  7813 | Temple   | Entered the Ecumenical Temple
  8165 | D:8      | Reached XP level 10. HP: 54/77 MP: 19/21
  8426 | D:8      | Reached skill level 15 in Invocations
 10048 | D:8      | Reached skill level 16 in Invocations
 10376 | D:9      | Found a staircase to the Lair.
 10415 | D:9      | Reached **** piety under Qazlal
 10447 | D:9      | Reached skill level 17 in Invocations
 10525 | D:9      | Found a sparkling altar of Nemelex Xobeh.
 10604 | D:9      | Found a radiant altar of Vehumet.
 10615 | D:9      | Found Vezat's Weapon Shoppe.
 10618 | D:9      | Bought 3 curare-tipped darts for 25 gold pieces
 10651 | D:9      | Noticed a two-headed ogre
 10659 | D:9      | Killed a two-headed ogre
 10825 | D:9      | Identified the +1 robe of the Kraken {Fly rPois Int-4
                  | Stlth+}
 10866 | D:9      | Reached skill level 18 in Invocations
 10874 | D:9      | Reached XP level 11. HP: 30/82 MP: 20/24
 11266 | D:10     | Entered Level 10 of the Dungeon
 11268 | D:10     | Noticed a two-headed ogre
 11276 | D:10     | Killed a two-headed ogre
 11470 | D:10     | Reached skill level 19 in Invocations
 11488 | D:10     | HP: 2/82 [centaur warrior skeleton (4)]
 11490 | D:10     | Reached skill level 20 in Invocations
 11490 | D:10     | Shot themself with a cutting wind

Illustrated notes

Levels and vault maps discovered:
D:1:      minmay_arrival_plants_in_alcoves, layout_basic, serial_shops, shop,
          chequers_serial_rivers_micro_b
D:2:      layout_rooms, shapermc_ecumenical_altar_rom_forum, basic_altar,
          serial_forest, infiniplex_forest_clump_curved,
          infiniplex_forest_clump_curved, infiniplex_forest_end_2,
          infiniplex_forest_end_double, infiniplex_forest_lined_2,
          infiniplex_forest_end_2
D:3:      layout_basic, serial_shops, nicolae_shop_trees, shop_statue,
          nicolae_shop_advertising_works [nicolae_subvault_shop_adworks],
          nicolae_shop_waterfront, serial_park_tiny_1, minmay_strange_pillars,
          uniq_robin, uniq_crazy_yiuf_cottage
D:4:      layout_basic, hangedman_abyss_or_decor_stabs, supply_closet_lemuel,
          lightli_corner_chamber, uniq_menkaure
D:5:      layout_basic, minmay_temple_entry_large_hall, minmay_checkerbox,
          uniq_eustachio
D:6:      layout_rooms, grunt_temple_overflow_holy_war, old_standard_altar,
          uniq_duvessa, uniq_pikel
D:7:      layout_rooms, mainiacjoe_overflow_alcove_1, serial_park_tiny_pond,
          uniq_joseph
D:8:      minmay_inner_zag, layout_cave_pools, minmay_fractal_squares_gapless_5
D:9:      layout_cave_pools, nemelex_spade_bored_becter, vehumet_statue,
          lair_entry_dummy, serial_shops, nicolae_shop_behind_doors, st_stairs_6
D:10:     cheibrodos_grave_circle, layout_rooms, gammafunk_temple_overflow_wave,
          minmay_orc_entry_temple_small, minmay_mirror_moons_of_madness
Temple:   nicolae_temple_ecumenical_triangle

Skill      XL: |  1  2  3  4  5  6  7  8  9 10 11 |
---------------+----------------------------------+-----
Axes           | 3 4 5 7 8 9 10 | 10.0
Invocations    | 6 10 14 18 20 | 20.1
Fighting       | |  3.6
Armour         | |  3.2
Shields        | |  3.2

Action                   |  1- 3 |  4- 6 |  7- 9 | 10-12 || total
-------------------------+-------+-------+-------+-------++-------
Melee: War axe           |   233 |    63 |   337 |   199 ||   832
Throw: Dart              |       |       |       |     1 ||     1
Invok: Upheaval          |       |       |     6 |    12 ||    18
Evoke: Wand              |       |     4 |       |       ||     4
  Use: Potion            |       |     2 |     2 |     4 ||     8
       Scroll            |       |     1 |     9 |       ||    10
 Stab: Invisible         |       |     5 |     1 |     2 ||     8
Armor: Scale mail        |    87 |    29 |   129 |    28 ||   273
       Plate armour      |       |       |       |   106 ||   106
Dodge: Dodged            |    65 |    30 |   129 |    71 ||   295
Block: Buckler           |    39 |    23 |   111 |   114 ||   287

Table legend: (Time is in decaauts)
 A = Elapsed time spent in this place.
 B = Non-inter-level travel time spent in this place.
 C = Inter-level travel time spent in this place.
 D = Time resting spent in this place.
 E = Time spent auto-exploring this place.
 F = Levels seen in this place.
 G = Mean time per level.
                   A        B        C        D        E       F      G
               +--------+--------+--------+--------+--------+-----+--------+
         Total |  11604 |  11145 |    459 |   2338 |   7200 |  11 | 1054.9 |
       Dungeon |  11602 |  11143 |    459 |   2338 |   7200 |  10 | 1160.2 |
        Temple |      1 |      1 |      0 |      0 |      0 |   1 |    1.0 |
               +--------+--------+--------+--------+--------+-----+--------+

Top non-repeatable levels by time:
     D:8: 2208 daAuts
     D:6: 1806 daAuts
     D:5: 1739 daAuts
     D:2: 1195 daAuts
     D:3: 1014 daAuts
     D:4: 981 daAuts
     D:9: 933 daAuts
     D:1: 860 daAuts
     D:7: 639 daAuts
    D:10: 224 daAuts
  Temple: 1 daAuts
